 Dungeon Crawl Stone Soup version 0.20.0-8-g6b59dc7 (webtiles) character file.

287 MTVSty1e the Cudgeler (level 6, -2/40 HPs)
             Began as a Gargoyle Monk on June 2, 2017.
             Was a Believer of Okawaru.
             Slain by Fingolfin's ghost (12 damage)
             ... on level 4 of the Dungeon.
             The game lasted 00:09:52 (4322 turns).

MTVSty1e the Cudgeler (Gargoyle Monk)               Turns: 4322, Time: 00:09:53

Health: -2/40      AC: 12    Str: 19    XL:     6   Next: 30%
Magic:  6/6        EV:  8    Int: 11    God:    Okawaru [**....]
Gold:   156        SH:  0    Dex: 12    Spells: 5/5 levels left

rFire    . . .     SeeInvis .   a - +0 mace
rCold    . . .     Gourm    .   (no shield)
rNeg     + . .     Faith    .   p - +0 chain mail
rPois    ∞         Spirit   .   (no helmet)
rElec    +         Reflect  .   (no cloak)
rCorr    .         Harm     .   (no gloves)
MR       .....                  (no boots)
Stlth    ..........             c - amulet of inaccuracy (curse)
Regen    0.2/turn               i - -2 ring of strength (curse)
MPRegen  0.1/turn               g - ring of stealth

@: mighty
A: negative energy resistance 1, electricity resistance, unbreathing,
petrification resistance, rot immunity, AC +4
a: Heroism, Renounce Religion


You were on level 4 of the Dungeon.
You worshipped Okawaru.
Okawaru was pleased with you.
You were not hungry.

You visited 1 branch of the dungeon, and saw 4 of its levels.

You collected 156 gold pieces.

Inventory:

Hand Weapons
 a - a +0 mace (weapon)
Armour
 b - a +0 robe
 p - a +0 chain mail (worn)
Jewellery
 c - a cursed amulet of inaccuracy (around neck)
 g - a ring of stealth (right hand)
 i - a cursed -2 ring of strength (left hand)
 m - a cursed -3 ring of evasion
Wands
 l - a wand of confusion (37/48)
Scrolls
 o - a scroll of recharging
 r - a scroll of identify
Potions
 e - a potion of mutation
 f - a potion of heal wounds {unknown}
 h - a potion of berserk rage {unknown}
 k - 2 potions of curing {unknown}
 n - 3 potions of agility
 q - 2 potions of lignification {unknown}
 t - 2 potions of invisibility {unknown}
Comestibles
 u - 2 fruits


   Skills:
 + Level 5.0 Fighting
 * Level 5.9 Maces & Flails
 - Level 2.4 Dodging
 - Level 2.1 Stealth


You had 5 spell levels left.
You didn't know any spells.

Dungeon Overview and Level Annotations

Branches:
Dungeon (4/15)
 Temple: D:4-7

Altars:
Ashenzari
Hepliaklqana
Nemelex Xobeh
Okawaru
Trog
Uskayaw
Zin

Shops:
D:4 ![

Annotations:
D:4 Fingolfin's ghost, amateur HOFi


Innate Abilities, Weirdness & Mutations

You are resistant to torment.
Your stone body is resilient. (AC +4)
You are immune to poison.
You resist negative energy. (rN+)
You are resistant to electric shocks. (rElec)
You can survive without breathing.
You are immune to petrification.
You are immune to rotting.


Message History

You sock the ogre!
The ogre is heavily wounded.
Fingolfin's ghost barely misses you. The ogre hits you with a giant club.
You hit the ogre.
The ogre is severely wounded.
Fingolfin's ghost hits you but does no damage.
The ogre hits you with a giant club!
Ouch! That really hurt!
* * * LOW HITPOINT WARNING * * *
You sock the ogre!
You kill the ogre!
Okawaru is honoured by your kill.
Your Fighting skill increases to level 5!
You have reached level 6!
Your experience leads to an increase in your attributes!
Your base attributes are Str 15, Int 11, Dex 12.
Increase (S)trength, (I)ntelligence, or (D)exterity?
You feel stronger. Fingolfin's ghost hits you!
You die...

....# ....# ....#
##### . ...
.....#####
......)@.#
########W#
############ #.#
...........# #!#
..#...#...### #.#
..$...W.....###.#
..#...#...#.....#
.........W.####.#
############ #.#


You could see Fingolfin's ghost.

Vanquished Creatures
  An ogre (D:4)
  2 orc wizards (D:4)
  4 adders
  An ooze (D:2)
  2 worms
  2 leopard geckos
  9 orcs
  2 ball pythons
  4 giant cockroaches
  13 goblins
  4 hobgoblins
  4 jackals (D:3)
  4 quokkas
  6 bats
  2 frilled lizards (D:2)
  6 kobolds
  18 rats
84 creatures vanquished.

Notes
Turn   | Place    | Note
-------+----------+-------------------------------------------
     0 | D:1      | MTVSty1e the Gargoyle Monk began the quest for the Orb.
     0 | D:1      | Reached XP level 1. HP: 14/14 MP: 1/1
    59 | D:1      | Reached XP level 2. HP: 15/19 MP: 2/2
   767 | D:1      | Reached XP level 3. HP: 10/23 MP: 3/3
  1180 | D:2      | Found a glowing silver altar of Zin.
  1842 | D:2      | Found a shattered altar of Ashenzari.
  1862 | D:2      | Reached XP level 4. HP: 28/29 MP: 4/4
  2799 | D:3      | Found a sparkling altar of Nemelex Xobeh.
  2803 | D:3      | Found an iron altar of Okawaru.
  2808 | D:3      | Became a worshipper of Warmaster Okawaru
  2808 | D:3      | Reached * piety under Okawaru
  2808 | D:3      | Reached ** piety under Okawaru
  3230 | D:3      | Reached XP level 5. HP: 31/34 MP: 5/5
  3313 | D:3      | Found a hazy altar of Hepliaklqana.
  3622 | D:3      | Found a hide-covered altar of Uskayaw.
  3653 | D:3      | Reached skill level 5 in Maces & Flails
  3694 | D:3      | Found a bloodstained altar of Trog.
  3884 | D:4      | Found Paecimn's Distillery.
  4241 | D:4      | Found Puituck's Armour Emporium.
  4301 | D:4      | Noticed Fingolfin's ghost (amateur HOFi)
  4314 | D:4      | Noticed an ogre
  4322 | D:4      | Killed an ogre
  4322 | D:4      | Reached skill level 5 in Fighting
  4322 | D:4      | Reached XP level 6. HP: 10/40 MP: 6/6
  4322 | D:4      | Slain by Fingolfin's ghost

Skill      XL: |  1  2  3  4  5 |
---------------+----------------+-----
Fighting       | 4 5 |  5.0
Maces & Flails | 4 5 |  5.9
Dodging        | |  2.4
Stealth        | |  2.1

Action                   |  1- 3 |  4- 6 || total
-------------------------+-------+-------++-------
Melee: Mace              |   175 |   234 ||   409
  Use: Scroll            |     3 |     4 ||     7
       Potion            |       |     2 ||     2
 Stab: Sleeping          |     7 |     5 ||    12
  Eat: Bread ration      |     1 |     1 ||     2
       Chunk             |       |     5 ||     5
Armor: Robe              |    88 |    29 ||   117
       Chain mail        |       |   101 ||   101
Dodge: Dodged            |   140 |    96 ||   236
